| TOP OF THE 1ST |
|
Colorado Rockies batting - Pitching for Los Angeles Dodgers : RHP Gyu-hyun Kim
|
|
Pitching: RHP Gyu-hyun Kim
|
|
|
Batting: SHB Eddie Quinones
|
0-0: Foul Ball, location: 2F 0-1: Ground out 4-3 (Groundball, 34, EV 89.4 MPH)
|
|
Batting: RHB Henry Alvizo
|
0-0: Fly out, F9 (Flyball, 89M, EV 81.2 MPH)
|
|
Batting: RHB Joel Haycock
|
0-0: Called Strike 0-1: Ground out 6-3 (Groundball, 6S, EV 81.2 MPH)
|
| Top of the 1st over - 0 runs, 0 hits, 0 errors, 0 left on base; Colorado 0 - Los Angeles 0 |
| BOTTOM OF THE 1ST |
|
Los Angeles Dodgers batting - Pitching for Colorado Rockies : RHP Vince Scripp
|
|
Pitching: RHP Vince Scripp
|
|
|
Batting: RHB Clay Buchanan
|
0-0: Ball 1-0: Foul Ball, location: 2F 1-1: SINGLE (Groundball, 56D, EV 97.5 MPH)
|
|
Batting: RHB Tsutomu Irie
|
0-0: Ball 1-0: Called Strike Clay Buchanan steals 2nd base 1-1: Foul Ball, location: 2F 1-2: Ball 2-2: Ground out 6-3 (Groundball, 6, EV 100.6 MPH)
|
|
Batting: LHB Lirak Bazhunaishvili
|
0-0: Ball 1-0: Ball 2-0: Called Strike 2-1: Foul Ball, location: 2F 2-2: Foul Ball, location: 2F 2-2: Foul Ball, location: 2F 2-2: Foul Ball, location: 2F 2-2: Foul Ball, location: 2F 2-2: Foul Ball, location: 2F 2-2: Ground out 5-3 (Groundball, 56, EV 79.4 MPH)
|
|
Batting: SHB Shane Marcum
|
0-0: Ball 1-0: Ground out 6-3 (Groundball, 6, EV 106.2 MPH)
|
| Bottom of the 1st over - 0 runs, 1 hit, 0 errors, 1 left on base; Colorado 0 - Los Angeles 0 |
| TOP OF THE 2ND |
|
Colorado Rockies batting - Pitching for Los Angeles Dodgers : RHP Gyu-hyun Kim
|
|
Batting: LHB Shawn Morrison
|
0-0: Called Strike 0-1: Called Strike 0-2: Foul Ball, location: 2F 0-2: Ball 1-2: SINGLE (Groundball, 4MD, EV 101.9 MPH)
|
|
Batting: RHB Jason Andrews
|
0-0: Ball 1-0: Ball 2-0: Ball 3-0: Called Strike 3-1: Swinging Strike 3-2: Foul Ball, location: 2F 3-2: Base on Balls Shawn Morrison to second
|
|
Batting: LHB Freddy Troncoso
|
0-0: Ball 1-0: Ball 2-0: Called Strike 2-1: Foul Ball, location: 2F 2-2: Ball 3-2: SINGLE (Line Drive, 8LS, EV 104.4 MPH) Shawn Morrison to third Jason Andrews to second Runner from 3rd tries for Home, throw by CF and OUT! 8-2 Jason Andrews to third Freddy Troncoso to second
|
|
Batting: SHB Andy Vivas
|
0-0: Ball 1-0: Ball 2-0: 3-RUN HOME RUN (Flyball, 9LD, EV 98.8 MPH), Distance : 372 ft
|
|
Batting: SHB Jon Munoz
|
0-0: Swinging Strike 0-1: Ball 1-1: Foul Ball, location: 2F 1-2: Ball 2-2: Ball 3-2: Foul Ball, location: 2F 3-2: Foul Ball, location: 2F 3-2: Strikes out swinging
|
|
Batting: SHB Billy Encinias
|
0-0: Swinging Strike 0-1: Called Strike 0-2: Strikes out swinging
|
| Top of the 2nd over - 3 runs, 3 hits, 0 errors, 0 left on base; Colorado 3 - Los Angeles 0 |
| BOTTOM OF THE 2ND |
|
Los Angeles Dodgers batting - Pitching for Colorado Rockies : RHP Vince Scripp
|
|
Batting: RHB Danny Dyer
|
0-0: Ball 1-0: Ball 2-0: Swinging Strike 2-1: Ball 3-1: Called Strike 3-2: Foul Ball, location: 2F 3-2: Base on Balls
|
|
Batting: RHB Tim Nettles
|
0-0: Ball 1-0: Called Strike 1-1: Foul Ball, location: 2F 1-2: Ball 2-2: Ball 3-2: Base on Balls Danny Dyer to second
|
|
Batting: RHB Ben Mischnick
|
0-0: Foul Ball, location: 2F 0-1: Fly out, F5 (Popup, 5S, EV 68.8 MPH)
|
|
Batting: RHB Wing-kit Bu
|
0-0: Ball 1-0: Fly out, F9 (Flyball, 89M, EV 93.8 MPH)
|
|
Batting: RHB Leonardo Nava
|
0-0: Ball 1-0: SINGLE (Groundball, 56D, EV 94.4 MPH) Danny Dyer to third Tim Nettles to second Runner from 3rd tries for Home, SAFE, throw by LF to home
|
|
Batting: RHB Clay Buchanan
|
0-0: Called Strike 0-1: Ball 1-1: Foul Ball, location: 2F 1-2: Strikes out swinging
|
| Bottom of the 2nd over - 1 run, 1 hit, 0 errors, 2 left on base; Colorado 3 - Los Angeles 1 |
| TOP OF THE 3RD |
|
Colorado Rockies batting - Pitching for Los Angeles Dodgers : RHP Gyu-hyun Kim
|
|
Batting: SHB Eddie Quinones
|
0-0: Ball 1-0: Called Strike 1-1: Swinging Strike 1-2: Ground out 6-3 (Groundball, 6, EV 99.4 MPH)
|
|
Batting: RHB Henry Alvizo
|
0-0: Called Strike 0-1: Called Strike 0-2: Ball 1-2: Strikes out swinging
|
|
Batting: RHB Joel Haycock
|
0-0: Ball 1-0: Called Strike 1-1: Foul Ball, location: 2F 1-2: Strikes out looking
|
| Top of the 3rd over - 0 runs, 0 hits, 0 errors, 0 left on base; Colorado 3 - Los Angeles 1 |
| BOTTOM OF THE 3RD |
|
Los Angeles Dodgers batting - Pitching for Colorado Rockies : RHP Vince Scripp
|
|
Batting: RHB Tsutomu Irie
|
0-0: Ball 1-0: Ball 2-0: Ball 3-0: Called Strike 3-1: Swinging Strike 3-2: Strikes out swinging
|
|
Batting: LHB Lirak Bazhunaishvili
|
0-0: Ball 1-0: Ball 2-0: Foul Ball, location: 2F 2-1: Ball 3-1: Base on Balls
|
|
Batting: SHB Shane Marcum
|
0-0: Ball 1-0: Ball 2-0: Fly out, F9 (Flyball, 89M, EV 83.8 MPH)
|
|
Batting: RHB Danny Dyer
|
0-0: Called Strike 0-1: Called Strike 0-2: Strikes out swinging
|
| Bottom of the 3rd over - 0 runs, 0 hits, 0 errors, 1 left on base; Colorado 3 - Los Angeles 1 |
| TOP OF THE 4TH |
|
Colorado Rockies batting - Pitching for Los Angeles Dodgers : RHP Gyu-hyun Kim
|
|
Batting: LHB Shawn Morrison
|
0-0: Ground out 3-1 (Groundball, 34, EV 105.0 MPH)
|
|
Batting: RHB Jason Andrews
|
0-0: Ball 1-0: Ball 2-0: Ball 3-0: Called Strike 3-1: Ground out 5-3 (Groundball, 56S, EV 69.4 MPH)
|
|
Batting: LHB Freddy Troncoso
|
0-0: Foul Ball, location: 2F 0-1: Fly out, F8 (Flyball, 78M, EV 94.4 MPH)
|
| Top of the 4th over - 0 runs, 0 hits, 0 errors, 0 left on base; Colorado 3 - Los Angeles 1 |
| BOTTOM OF THE 4TH |
|
Los Angeles Dodgers batting - Pitching for Colorado Rockies : RHP Vince Scripp
|
|
Batting: RHB Tim Nettles
|
0-0: Ball 1-0: SINGLE (Flyball, 6MD, EV 86.9 MPH)
|
|
Batting: RHB Ben Mischnick
|
0-0: Fly out, F8 (Line Drive, 8RM, EV 111.2 MPH)
|
|
Batting: RHB Wing-kit Bu
|
0-0: Grounds into double play, 6-4-3 (Groundball, 6, EV 96.9 MPH)
|
| Bottom of the 4th over - 0 runs, 1 hit, 0 errors, 0 left on base; Colorado 3 - Los Angeles 1 |
| TOP OF THE 5TH |
|
Colorado Rockies batting - Pitching for Los Angeles Dodgers : RHP Gyu-hyun Kim
|
|
Batting: SHB Andy Vivas
|
0-0: Ball 1-0: Ball 2-0: Ground out 6-3 (Groundball, 6, EV 103.8 MPH)
|
|
Batting: SHB Jon Munoz
|
0-0: Foul Ball, location: 2F 0-1: Foul Ball, location: 2F 0-2: Ball 1-2: Strikes out swinging
|
|
Batting: SHB Billy Encinias
|
0-0: Ball 1-0: Called Strike 1-1: Ground out 4-3 (Groundball, 4, EV 109.4 MPH)
|
| Top of the 5th over - 0 runs, 0 hits, 0 errors, 0 left on base; Colorado 3 - Los Angeles 1 |
| BOTTOM OF THE 5TH |
|
Los Angeles Dodgers batting - Pitching for Colorado Rockies : RHP Vince Scripp
|
|
Batting: RHB Leonardo Nava
|
0-0: Called Strike 0-1: Swinging Strike 0-2: Ground out 5-3 (Groundball, 56, EV 91.2 MPH)
|
|
Batting: RHB Clay Buchanan
|
0-0: Ball 1-0: Called Strike 1-1: Foul Ball, location: 2F 1-2: Fly out, F8 (Flyball, 8RD, EV 86.9 MPH)
|
|
Batting: RHB Tsutomu Irie
|
0-0: Ball 1-0: Ball 2-0: Foul Ball, location: 2F 2-1: Called Strike 2-2: Ball 3-2: Strikes out swinging
|
| Bottom of the 5th over - 0 runs, 0 hits, 0 errors, 0 left on base; Colorado 3 - Los Angeles 1 |
| TOP OF THE 6TH |
|
Colorado Rockies batting - Pitching for Los Angeles Dodgers : RHP Gyu-hyun Kim
|
|
Batting: SHB Eddie Quinones
|
0-0: Called Strike 0-1: Called Strike 0-2: Ball 1-2: Ball 2-2: Strikes out swinging
|
|
Batting: RHB Henry Alvizo
|
0-0: Called Strike 0-1: Ball 1-1: Ball 2-1: Foul Ball, location: 2F 2-2: Ball 3-2: SINGLE (Groundball, 25, EV 70.0 MPH) (infield hit)
|
|
Batting: RHB Joel Haycock
|
0-0: Ball 1-0: Ball 2-0: Called Strike 2-1: Ball 3-1: Grounds into double play, 4-6-3 (Groundball, 4, EV 108.8 MPH)
|
| Top of the 6th over - 0 runs, 1 hit, 0 errors, 0 left on base; Colorado 3 - Los Angeles 1 |
| BOTTOM OF THE 6TH |
|
Los Angeles Dodgers batting - Pitching for Colorado Rockies : RHP Vince Scripp
|
|
Batting: LHB Lirak Bazhunaishvili
|
0-0: Called Strike 0-1: SINGLE (Groundball, 34D, EV 103.8 MPH)
|
|
Batting: SHB Shane Marcum
|
0-0: Ball Lirak Bazhunaishvili is caught stealing 2nd base 2-6 1-0: Ball 2-0: Called Strike 2-1: Ball 3-1: Base on Balls
|
|
Batting: RHB Danny Dyer
|
0-0: Ball 1-0: Called Strike 1-1: Ball 2-1: Swinging Strike 2-2: Strikes out swinging
|
|
Batting: RHB Tim Nettles
|
0-0: Swinging Strike 0-1: Called Strike 0-2: Ground out 4-3 (Groundball, 4MS, EV 85.6 MPH)
|
| Bottom of the 6th over - 0 runs, 1 hit, 0 errors, 1 left on base; Colorado 3 - Los Angeles 1 |
| TOP OF THE 7TH |
|
Colorado Rockies batting - Pitching for Los Angeles Dodgers : RHP Gyu-hyun Kim
|
|
Batting: LHB Shawn Morrison
|
0-0: Foul Ball, location: 2F 0-1: SINGLE (Line Drive, 9LM, EV 93.8 MPH)
|
|
Batting: RHB Jason Andrews
|
0-0: Foul Ball, location: 2F 0-1: Grounds into double play, 4-6-3 (Groundball, 4, EV 93.1 MPH)
|
|
Batting: LHB Freddy Troncoso
|
0-0: Ball 1-0: Ball 2-0: Called Strike 2-1: Ball 3-1: Base on Balls
|
|
Batting: SHB Andy Vivas
|
0-0: Swinging Strike 0-1: Swinging Strike 0-2: Ball 1-2: Strikes out swinging
|
| Top of the 7th over - 0 runs, 1 hit, 0 errors, 1 left on base; Colorado 3 - Los Angeles 1 |
| BOTTOM OF THE 7TH |
|
Los Angeles Dodgers batting - Pitching for Colorado Rockies : RHP Vince Scripp
|
|
Batting: RHB Ben Mischnick
|
0-0: Ball 1-0: Ball 2-0: Ball 3-0: Called Strike 3-1: DOUBLE (Groundball, 5L, EV 105.6 MPH)
|
|
Batting: RHB Wing-kit Bu
|
0-0: Called Strike 0-1: Called Strike 0-2: Foul Ball, location: 2F 0-2: Foul Ball, location: 2F 0-2: Strikes out looking
|
|
Batting: RHB Leonardo Nava
|
0-0: Foul Ball, location: 2F 0-1: Foul Ball, location: 2F 0-2: Ground out U3 (Groundball, 3, EV 88.8 MPH) Ben Mischnick to third
|
|
Batting: RHB Clay Buchanan
|
0-0: Ball 1-0: Ball 2-0: Ball 3-0: Called Strike 3-1: Foul Ball, location: 2F 3-2: Base on Balls
|
|
Pinch Hitting: SHB Joel Baker
|
0-0: Ball 1-0: Fly out, F6 (Popup, 6D, EV 69.4 MPH)
|
| Bottom of the 7th over - 0 runs, 1 hit, 0 errors, 2 left on base; Colorado 3 - Los Angeles 1 |
| TOP OF THE 8TH |
|
Colorado Rockies batting - Pitching for Los Angeles Dodgers : RHP Gyu-hyun Kim
|
|
Pitching: RHP Jon Harris
|
|
|
Now at 2B: Lirak Bazhunaishvili
|
|
|
Now in CF: Joel Baker
|
|
|
Now in RF: Tim Nettles
|
|
|
Batting: SHB Jon Munoz
|
0-0: Ball 1-0: Ball 2-0: Called Strike 2-1: Ball 3-1: Ground out 4-3 (Groundball, 4, EV 85.0 MPH)
|
|
Batting: SHB Billy Encinias
|
0-0: Ball 1-0: Ball 2-0: Ground out 6-3 (Groundball, 56D, EV 86.2 MPH)
|
|
Batting: SHB Eddie Quinones
|
0-0: Ball 1-0: SINGLE (Line Drive, 89S, EV 100.0 MPH)
|
|
Batting: RHB Henry Alvizo
|
0-0: Foul Ball, location: 2F 0-1: SINGLE (Groundball, 4MD, EV 98.1 MPH) Eddie Quinones to second Runner from 2nd tries for 3rd, SAFE, throw by CF made at trailing runner, OUT! 8-6
|
| Top of the 8th over - 0 runs, 2 hits, 0 errors, 1 left on base; Colorado 3 - Los Angeles 1 |
| BOTTOM OF THE 8TH |
|
Los Angeles Dodgers batting - Pitching for Colorado Rockies : RHP Vince Scripp
|
|
Batting: LHB Lirak Bazhunaishvili
|
0-0: Called Strike 0-1: Ball 1-1: Foul Ball, location: 2F 1-2: Foul Ball, location: 2F 1-2: Foul Ball, location: 2F 1-2: Foul Ball, location: 2F 1-2: Fly out, F9 (Flyball, 9, EV 88.8 MPH)
|
|
Pitching: RHP Tony Campos
|
|
|
Batting: SHB Shane Marcum
|
0-0: Swinging Strike 0-1: Ball 1-1: Ball 2-1: Ground out 4-3 (Groundball, 4, EV 76.2 MPH)
|
|
Batting: RHB Danny Dyer
|
0-0: Ball 1-0: Called Strike 1-1: Fly out, F8 (Flyball, 8RM, EV 92.5 MPH)
|
| Bottom of the 8th over - 0 runs, 0 hits, 0 errors, 0 left on base; Colorado 3 - Los Angeles 1 |
| TOP OF THE 9TH |
|
Colorado Rockies batting - Pitching for Los Angeles Dodgers : RHP Jon Harris
|
|
Batting: RHB Joel Haycock
|
0-0: Called Strike 0-1: Swinging Strike 0-2: Strikes out swinging
|
|
Batting: LHB Shawn Morrison
|
0-0: Called Strike 0-1: Ball 1-1: Swinging Strike 1-2: Strikes out swinging
|
|
Batting: RHB Jason Andrews
|
0-0: Ball 1-0: Called Strike 1-1: Ball 2-1: Called Strike 2-2: Ball 3-2: Base on Balls
|
|
Pitching: LHP Gavin White
|
|
|
Batting: LHB Freddy Troncoso
|
0-0: Ball 1-0: Foul Ball, location: 2F 1-1: Foul Ball, location: 2F 1-2: Ball 2-2: Ball Jason Andrews steals 2nd base 3-2: Strikes out looking
|
| Top of the 9th over - 0 runs, 0 hits, 0 errors, 1 left on base; Colorado 3 - Los Angeles 1 |
| BOTTOM OF THE 9TH |
|
Los Angeles Dodgers batting - Pitching for Colorado Rockies : RHP Tony Campos
|
|
Pitching: RHP Tye Dickinson
|
|
|
Batting: RHB Tim Nettles
|
0-0: Ball 1-0: Ball 2-0: Called Strike 2-1: Ground out 1-3 (Groundball, 15S, EV 70.6 MPH)
|
|
Batting: RHB Ben Mischnick
|
0-0: Ball 1-0: Foul Ball, location: 2F 1-1: Foul Ball, location: 2F 1-2: Strikes out swinging, 2-3 out at first.
|
|
Batting: RHB Wing-kit Bu
|
0-0: Called Strike 0-1: Ball 1-1: Ball 2-1: Called Strike 2-2: Strikes out swinging
|
| Bottom of the 9th over - 0 runs, 0 hits, 0 errors, 0 left on base; Colorado 3 - Los Angeles 1 |
|